 Dungeon Crawl Stone Soup version 0.31-a0-1612-g4aaf141004 (webtiles) character file.

Game seed: 15918039503998363427

38403445 RepoMan the Heavyweight Champion (level 27, 315/319 HPs)
             Began as a Troll Fighter on Jan 4, 2024.
             Was the Champion of Wu Jian.
             Escaped with the Orb
             ... and 15 runes
             ... and 10 gems (9 intact) on Jan 9, 2024!
             The game lasted 07:49:14 (39196 turns).

RepoMan the Heavyweight Champion (Troll Fighter)   Turns: 39196, Time: 07:49:14

Health: 315/319    AC: 18    Str: 32    XL:     27
Magic:  26/26      EV: 15    Int:  8    God:    Wu Jian [******]
Gold:   6251       SH: 32    Dex: 13    Spells: 19/32 levels left

rFire   + +          +
                       - Unarmed
rCold   + + .        z - +8 tower shield {AC+3}
rNeg    + + +        y - +1 robe of Vines {NoPotionHeal Regen++++}
rPois   ∞            j - +1 hat
rElec   +            i - +2 cloak {rCorr}
rCorr   +            (gloves unavailable)
SInv    .            (boots unavailable)
Will    +++++        O - amulet of regeneration
Stlth   +            C - ring of the Falcon {rElec rF+++ Will+ AC+4 Dex-2}
HPRegen 5.53/turn    D - ring of the Octopus King {rC+ HP+2 AC+2 EV+2 SH+2}
MPRegen 0.20/turn

%: no passive effects
@: death-form, flying, studying Alchemy
A: vile attack, torment immunity, no potions, large, unfitting armour, claws 3,
regeneration 1, shaggy fur 1, tough skin 1, horns 1, camouflage 1
0: Orb of Zot
}: 15/15 runes: decaying, serpentine, slimy, silver, golden, iron, obsidian,
icy, bone, abyssal, demonic, glowing, magical, fiery, dark
a: Siphon Essence, Begin Untransformation, Renounce Religion, Wall Jump,
Serpent's Lash, Heavenly Storm


You escaped.
You worshipped Wu Jian.
Wu Jian was exalted by your worship.
You were an undying horror.
You visited 18 branches of the dungeon, and saw 88 of its levels.
You visited Pandemonium 1 time, and saw 12 of its levels.
You visited the Abyss 2 times.
You visited 1 bazaar.
You visited 1 ziggurat, and saw 10 of its levels.
You also visited: Trove, Sewer, Ossuary, Bailey and Ice Cave.

You collected 11654 gold pieces.
You spent 5403 gold pieces at shops.

Inventory:

Hand Weapons
 x - the +7 hand cannon "Mule" {flame, backblast, rF+}
   (You found it on level 7 of Tartarus)

   rF+:       It protects you from fire.
Missiles
 f - 4 curare-tipped darts (quivered)
Armour
 b - a +0 cloak of cold resistance
 i - a +2 cloak of preservation (worn)
 j - a +1 hat (worn)
 w - a +4 kite shield of cold resistance
 y - the +1 robe of Vines (worn) {NoPotionHeal Regen++++}
   (You found it on level 12 of the Dungeon)

   NoPotionHeal: Its wearer cannot be healed by potions.
   Regen++++: It increases your rate of health regeneration.
 z - a +8 tower shield of protection (worn)
 A - the +6 pearl dragon scales "Ceplax" {rN+ Int+3}
   (You found it on level 6 of a ziggurat)

   Int+3:     It affects your intelligence (+3).
   rN+:       It protects you from negative energy.
Jewellery
 n - the ring "Ireal" {+Blink Fly Slay+3}
   (You found it in a treasure trove)

   [ring of flight]

   Slay+3:    It affects your accuracy & damage with ranged weapons and melee
   (+3).
   Fly:       It grants you flight.
   +Blink:    It lets you blink.
 p - the macabre finger necklace {Finger+ rN+}
   (You found it on level 7 of Tartarus)

   [amulet of nothing]

   Finger+:   It enables you to equip an extra ring.
   rN+:       It protects you from negative energy.
 C - the ring of the Falcon (left claw) {rElec rF+++ Will+ AC+4 Dex-2}
   (You took it off a balrug on level 7 of Gehenna)

   [ring of protection]

   AC+4:      It affects your AC (+4).
   Dex-2:     It affects your dexterity (-2).
   rF+++:     It renders you almost immune to fire.
   rElec:     It insulates you from electricity.
   Will+:     It increases your willpower.
 D - a ring of the Octopus King (right claw) {rC+ HP+2 AC+2 EV+2 SH+2}
   (You found it in a treasure trove)

   [ring of protection from cold]

   AC+2:      It affects your AC (+2).
   EV+2:      It affects your evasion (+2).
   rC+:       It protects you from cold.
   HP+2:      It affects your health (+2).
   SH+2:      It affects your SH (+2).
 L - the ring of the Mage {Wiz Archmagi}
   (You took it off a deep elf demonologist on level 3 of the Elven Halls)

   [ring of wizardry]

   Wiz:       It improves your spell success rate.
   Archmagi:  It increases the power of your magical spells.
 N - the ring of Xom's Ringing Laughter {Str+3 Int+3 SInv}
   (You found it in a treasure trove)

   [ring of see invisible]

   Str+3:     It affects your strength (+3).
   Int+3:     It affects your intelligence (+3).
   SInv:      It lets you see invisible.
 O - an amulet of regeneration (around neck)
 T - the ring of Qigroch {rF+ SInv}
   (You found it in a treasure trove)

   [ring of see invisible]

   rF+:       It protects you from fire.
   SInv:      It lets you see invisible.
 Y - the ring "Zoisok" {rElec rF+ rC+ rN+}
   (You took it off a deep elf sorcerer on level 3 of the Elven Halls)

   [ring of protection from fire]

   rF+:       It protects you from fire.
   rC+:       It protects you from cold.
   rElec:     It insulates you from electricity.
   rN+:       It protects you from negative energy.
Talismans
 q - the granite talisman of Starshine {Int+2}
   (You bought it in a shop on level 2 of the Orcish Mines)

   [granite talisman]

   Int+2:     It affects your intelligence (+2).
 v - the granite talisman of the Other Side {Fly Dex+2}
   (You found it on level 7 of Cocytus)

   [granite talisman]

   Dex+2:     It affects your dexterity (+2).
   Fly:       It grants you flight.
 V - the death talisman "Tuotos" (active) {Will+}
   (You found it on level 2 of the Vaults)

   [talisman of death]

   Will+:     It increases your willpower.
Wands
 c - a wand of digging (22)
 o - a wand of charming (62)
 I - a wand of light (15)
 S - a wand of roots (41)
Scrolls
 d - 3 scrolls of silence
 h - 17 scrolls of teleportation
 m - 2 scrolls of vulnerability
 H - 4 scrolls of fog
 P - 9 scrolls of fear
 U - 4 scrolls of immolation
 X - 2 scrolls of poison
Potions
 e - 17 potions of curing
 g - 9 potions of magic
 l - a potion of resistance
 r - 9 potions of enlightenment
 t - a potion of might
 u - 7 potions of mutation
 B - 5 potions of heal wounds
 F - 3 potions of haste
 G - 4 potions of berserk rage
 M - 6 potions of invisibility
 Q - 3 potions of brilliance
 R - 3 potions of cancellation
Miscellaneous
 a - a condenser vane
 k - a phial of floods
 E - a phantom mirror
 J - a figurine of a ziggurat
 K - a lightning rod (4/4)
 W - a sack of spiders
 Z - the horn of Geryon


   Skills:
 * Level 25.7 Fighting
 - Level 9.9 Dodging
 - Level 23.3 Shields
 O Level 27 Unarmed Combat
 - Level 3.3 Spellcasting
 - Level 13.3 Translocations
 - Level 6.6 Air Magic
 - Level 11.1 Evocations
 - Level 25.5 Shapeshifting


You had 19 spell levels left.
You knew the following spells:

 Your Spells              Type           Power      Damage    Failure   Level
a - Manifold Assault      Tloc           22%        N/A       1%          4
b - Blink                 Tloc           44%        N/A       1%          2
g - Apportation           Tloc           44%        N/A       1%          1
l - Lesser Beckoning      Tloc           44%        N/A       1%          2
v - Vhi's Electric Charg  Tloc/Air       34%        N/A       6%          4

Your spell library contained the following spells:

 Spells                   Type           Power      Damage    Failure   Level
 Momentum Strike          Conj/Tloc      22%        3d8       3%          2
 Swiftness                Air            11%        N/A       8%          3
 Shock                    Conj/Air       24%        1d4       10%         1
 Mercury Vapours          Alch/Air       12%        N/A       16%         2
 Static Discharge         Conj/Air       12%        3-4/arc   16%         2
 Airstrike                Air            5%         2d(1-17)  26%         4
 Foxfire                  Conj/Fire      4%         2x1d4     36%         1
 Freeze                   Ice            4%         1d3       36%         1
 Kiss of Death            Conj/Necr      4%         2d5       36%         1
 Necrotise                Necr           4%         1d4       36%         1
 Sting                    Conj/Alch      4%         1d3       36%         1
 Summon Small Mammal      Summ           4%         N/A       36%         1
 Mephitic Cloud           Conj/Alch/Air  4%         N/A       43%         3
 Ensorcelled Hibernation  Hex/Ice        2%         N/A       52%         2
 Scorch                   Fire           2%         2d5       52%         2
 Summon Forest            Summ/Tloc      5%         N/A       56%         5
 Summon Lightning Spire   Summ/Air       6%         N/A       69%         4
 Confusing Touch          Hex            1%         N/A       75%         3
 Dazzling Flash           Conj/Hex       2%         N/A       75%         3
 Frozen Ramparts          Ice            2%         1d1       75%         3
 Fugue of the Fallen      Necr           1%         N/A       75%         3
 Hailstorm                Conj/Ice       1%         3d5       75%         3
 Inner Flame              Hex/Fire       1%         N/A       75%         3
 Ozocubu's Armour         Ice            1%         N/A       75%         3
 Stone Arrow              Conj/Erth      2%         3d7       75%         3
 Arcjolt                  Conj/Air       3%         1d13      95%         5
 Silence                  Hex/Air        3%         N/A       95%         5
 Anguish                  Hex/Necr       0%         N/A       98%         4
 Animate Armour           Summ/Erth      2%         N/A       98%         4
 Animate Dead             Necr           1%         N/A       98%         4
 Cause Fear               Hex            0%         N/A       98%         4
 Dispel Undead            Necr           1%         3d6       98%         4
 Flame Wave               Conj/Fire      1%         2d4       98%         4
 Fulminant Prism          Conj/Alch      0%         3d5       98%         4
 Leda's Liquefaction      Alch/Erth      0%         N/A       98%         4
 Olgreb's Toxic Radiance  Alch           1%         N/A       98%         4
 Petrify                  Alch/Erth      1%         N/A       98%         4
 Sticky Flame             Fire/Alch      1%         2d4       98%         4
 Summon Blazeheart Golem  Fire/Summ      1%         N/A       98%         4
 Alistair's Intoxication  Alch           0%         N/A       100%        5
 Borgnjor's Vile Clutch   Necr/Erth      0%         N/A       100%        5
 Curse of Agony           Necr           1%         N/A       100%        5
 Fireball                 Conj/Fire      0%         3d3       100%        5
 Irradiate                Conj/Alch      0%         3d11      100%        5
 Lee's Rapid Deconstruct  Erth           0%         3d4*      100%        5
 Bombard                  Conj/Erth      0%         9d1       100%        6
 Conjure Ball Lightning   Conj/Air       3%         3x3d6     100%        6
 Death Channel            Necr           0%         N/A       100%        6
 Eringya's Noxious Bog    Alch           0%         4d6       100%        6
 Plasma Beam              Fire/Air       3%         2x1d13    100%        6
 Sculpt Simulacrum        Ice/Alch       0%         N/A       100%        6
 Starburst                Conj/Fire      0%         6d3       100%        6
 Summon Cactus Giant      Summ           0%         N/A       100%        6
 Haunt                    Necr/Summ      0%         N/A       100%        7
 Orb of Destruction       Conj           0%         9d5       100%        7
 Ozocubu's Refrigeration  Ice            0%         4d7       100%        7
 Spellforged Servitor     Conj/Summ      0%         N/A       100%        7
 Summon Hydra             Summ           0%         N/A       100%        7
 Ignition                 Fire           0%         3d3       100%        8
 Lehudib's Crystal Spear  Conj/Erth      0%         10d2      100%        8
 Maxwell's Capacitive Co  Air            5%         ∞         100%        8
 Chain Lightning          Conj/Air       3%         3d4       100%        9
 Dragon's Call            Summ           0%         N/A       100%        9
 Fire Storm               Conj/Fire      0%         6d1       100%        9
 Polar Vortex             Ice            0%         N/A       100%        9
 Shatter                  Erth           0%         3d5*      100%        9


Dungeon Overview and Level Annotations

Branches:
Dungeon (15/15)            Temple (1/1) D:6            Lair (5/5) D:11
  Swamp (4/4) Lair:3        Snake (4/4) Lair:3        Slime (5/5) Lair:4
    Orc (2/2) D:10            Elf (3/3) Orc:2        Vaults (5/5) D:13
  Crypt (3/3) Vaults:2       Tomb (3/3) Crypt:3      Depths (4/4) D:15
   Hell (visited)             Dis (7/7) Hell            Geh (7/7) Hell
    Coc (7/7) Hell            Tar (7/7) Hell            Zot (5/5) Depths:4
  Sewer (visited)         Ossuary (visited)          Bailey (visited)
  IceCv (visited)

Altars:
Ashenzari
Cheibriados
Dithmenos
Elyvilon
Fedhas
Gozag
Hepliaklqana
Kikubaaqudgha
Makhleb
Nemelex Xobeh
Okawaru
Qazlal
Ru
Sif Muna
Trog
Uskayaw
Vehumet
Wu Jian
Xom
Yredelemnul
Zin
The Shining One

Shops:
D:9 *   D:11 (   Orc:2 =[:(   Elf:3 [   Snake:1 ?[*   Snake:4 :   Vaults:2 [
Vaults:5 *

Portals:
Hell: Depths:3
Abyss: Depths:3*
Pandemonium: Depths:3

Annotations:
D:9 1 runed translucent door, Amaemon; koorschki's ghost, novice DsFi
Swamp:4 3 runed translucent doors, Bokhlyrgh's ghost, adept TrFi; Uwih's ghost, adept DrSh; Zuvyem's ghost, journeyman MiFi
Snake:1 2 transporters, Pujutz's ghost, adept TeAE
Depths:3 1 transporter, Macafuodgh's ghost, adept DECj


Innate Abilities, Weirdness & Mutations

You are an undying horror.
Your melee and unarmed attacks drain, slow and weaken victims.
You are immune to unholy pain and torment.
You cannot drink.
You are immune to poison.
You are too large for most types of armour.
You have claws for hands.
Your natural rate of healing is unusually fast.
You are covered in fur. (AC +1)
You have tough skin. (AC +1)
You have a pair of small horns on your head.
Your skin changes colour to match your surroundings (Stealth+).


Message History

The sun demon is no longer weakened.
Ymoots blinks!
The sun demon attacks as it pursues you!
You block the sun demon's attack.
The sun demon attacks as it pursues you!
You block the sun demon's attack.
Ymoots blinks!
You block the sun demon's attack.
The sun demon attacks as it pursues you!
You block the sun demon's attack.
There is a stone staircase leading up here.
You block the sun demon's attack.
You fly upwards.
There is a stone staircase leading down here.
You completely miss the sun demon. You headbutt the sun demon.
The sun demon is heavily wounded.
You block the sun demon's attack.
You spin and attack the sun demon repeatedly.
You eviscerate the sun demon!!!!
You kill the sun demon!
The Council accepts your kill.
Aiming: Dig
Press: ? - help, Shift-Dir - straight line A rock wall.
This square is covered in magical glow.
The rock shatters into small pieces.
A Hell Sentinel comes into view.
The Hell Sentinel roars!
The Hell Sentinel gestures at you.
The sphere of damnation explodes!
The damnation engulfs you!!
Aiming: Dig
Press: ? - help, Shift-Dir - straight line Some shallow water.
There is a cloud of foul pestilence here.
The rock shatters into small pieces.
Blink to where?
Press: ? - help, Dir - move target
As you read the scroll of blinking, it crumbles to dust.
A reaper comes into view. It is wielding a +1 vampiric scythe.
Okay, then.
You have escaped!

#.# #.# ##....######.##.#
#.###.# #.....#.........##
#.##..######.########.#......
#.##.##~~~~#'#~2○☼##....#####
#.##.#~~~~~#.#~§☼~○°###....1.
#....#~~~~~#.#○☼°○~####.#####
######~~#~~#.#○~#☼☼#....#
#~~~~~#..~○°○○######
#~~☼~~#z#○○§☼§#
#~~§~~#.#°°○°§#
#~~~~~#.#○○☼☼○#
#~~#~~#.#~~#§~#
#~~~~~#.#~~~~~#
##~~~~#'#~~○~## ######.######
##.##..# #####)#.#.########


You could see a reaper.

Vanquished Creatures
  Cerebov (Pan)
  Antaeus (Coc:7)
  Asmodeus (Geh:7)
  Dissolution (Slime:2)
  Gloorx Vloq (Pan)
  Mnoleg (Pan)
  the Royal Jelly (Slime:5)
  Ereshkigal (Tar:7)
  Lom Lobon (Pan)
  7 dread liches
  Khufu (Tomb:3)
  6 ancient liches
  Dispater (Dis:7)
  4 orbs of fire
  Mennas (Crypt:3)
  A juggernaut (Dis:7)
  29 royal mummies
  3 pandemonium lords
  14 shard shrikes
  Vv (Crypt:3)
  Parghit (Depths:4)
  5 Killer Klowns
  Saint Roka (Vaults:1)
  3 curse toes (Zot:3)
  Geryon (Hell)
  32 caustic shrikes
  A pearl dragon (Zig:3)
  Norris (Vaults:4)
  Jory (Depths:3)
  11 golden dragons
  18 bone dragons
  15 profane servitors
  6 doom hounds
  7 hellephants
  5 iron giants
  2 electric golems (Zot:5)
  10 Brimstone Fiends
  22 Tzitzimimeh
  11 Hell Sentinels
  18 Ice Fiends
  3 spectral shard shrikes
  8 liches
  21 Orb Guardians
  24 titans
  14 tainted leviathans
  8 quicksilver dragons
  3 deep elf blademasters
  19 searing wretches
  13 tentacled monstrosities
  2 deep elf master archers (Elf:3)
  7 sphinxes (Tomb:1)
  An eldritch tentacle (Pan)
  24 Executioners
  Gastronok (D:10)
  15 acid blobs
  26 ancient champions
  13 tentacled starspawn
  11 death cobs
  15 storm dragons
  6 revenants
  2 thorn hunters
  Aizul (Snake:1)
  Donald (Swamp:1)
  6 demonspawn warmongers
  6 protean progenitors
  2 draconian monks
  3 tengu reavers
  12 shadow dragons
  6 rockslimes (Slime:5)
  2 fenstrider witches
  4 nagarajas
  16 fire giants
  2 draconian knights
  20 frost giants
  13 azure jellies
  31 balrugs
  6 iron dragons
  15 narguns
  3 ghost moths (Zot:3)
  11 vault wardens
  3 curse skulls
  4 quicksilver elementals
  5 deep elf elementalists
  2 angels
  6 deep elf sorcerers
  A juggernaut zombie (Tomb:2)
  4 shard shrike simulacra
  A spectral caustic shrike (Tar:2)
  2 orc warlords
  2 draconian stormcallers (Zot:3)
  A juggernaut skeleton (Pan)
  12 cacodemons
  3 formless jellyfish
  3 demonspawn corrupters (Pan)
  4 ghouls
  19 reapers
  7 ironbound preservers
  4 quicksilver oozes
  2 demonspawn blood saints (Pan)
  4 caustic shrike skeletons
  2 spriggan defenders (Depths:3)
  A draconian annihilator (Depths:4)
  3 ironbound thunderhulks
  17 stone giants
  An ophan (Abyss:4)
  7 deep elf death magi (Elf:3)
  5 vampire knights
  26 very ugly things
  13 elemental wellsprings
  4 black draconians
  10 bennus
  5 red draconians
  A green draconian (Zot:3)
  4 yellow draconians
  10 deep elf demonologists
  17 putrid mouths
  2 demonspawn black suns (Pan)
  A dire elephant (Vaults:3)
  6 eleionomae
  5 purple draconians
  6 white draconians
  11 war gargoyles
  13 wendigos
  4 lorocyprocas
  13 deep elf annihilators
  Azrael (Elf:1)
  5 eidola
  8 bunyips
  7 blizzard demons
  A quicksilver dragon zombie (Crypt:2)
  A crystal guardian (Hell)
  13 ettins
  17 iron golems
  4 spectral spriggans
  13 jiangshi (Crypt:3)
  17 mummy priests
  7 fire dragons
  8 rakshasas
  9 yaktaur captains
  A green death (Pan)
  2 great orbs of eyes
  33 vault guards
  7 deep elf high priests
  Harold (D:11)
  6 juggernaut simulacra
  A spectral tengu (Tar:2)
  3 spriggan air magi
  18 salamander tyrants
  A fenstrider witch zombie (Hell)
  3 ghost crabs (Swamp:4)
  6 hydras
  4 spriggan zombies
  8 stokers
  3 alligators
  6 ice dragons
  4 caustic shrike simulacra
  A hell beast (Pan)
  5 ironbound frosthearts
  A jorogumo (Pan)
  2 merfolk aquamancers (Pan)
  3 ogre magi
  Erica (D:10)
  3 death knights
  46 death scarabs
  A spectral draconian (Tar:2)
  9 centaur warriors
  5 dancing weapons
  4 boulder beetles
  14 two-headed ogres
  2 spriggan skeletons
  3 anacondas
  A tengu warrior (Depths:1)
  4 deep troll earth magi
  A demonic crawler (Abyss:4)
  31 hell hogs
  13 naga warriors
  11 death yaks
  7 shock serpents
  6 occultists (Depths:3)
  2 spectral dire elephants (Tar:2)
  5 spriggan berserkers
  8 orc high priests
  10 deep elf knights
  9 spriggans
  A shock serpent (shapeshifter) (Vaults:5)
  9 naga sharpshooters
  12 soul eaters
  9 thrashing horrors
  Nergalle (D:10)
  20 hell knights
  3 iron trolls
  4 hellephant skeletons (Pan)
  10 wretched stars
  17 shadow wraiths
  28 skeletal warriors
  40 sun demons
  8 crystal echidnas
  3 skysharks (Vaults:4)
  A fire crab (Lair:4)
  A bunyip zombie (Crypt:3)
  2 spatial maelstroms (Abyss:4)
  2 death drakes
  An anaconda zombie (Abyss:3)
  6 deep trolls
  A goliath frog (Zig:6)
  11 sixfirhies
  5 salamander mystics
  Lodul (D:10)
  4 arcanists
  10 sun moths (Pan)
  9 shadow demons (Pan)
  A fire crab (shapeshifter) (Zig:4)
  A mana viper (shapeshifter) (Vaults:5)
  A spectral anaconda (Tar:1)
  An orb spider (shapeshifter) (Vaults:5)
  An obsidian statue (IceCv)
  A cherub (Zig:3)
  8 spriggan simulacra
  4 mana vipers
  3 flayed ghosts
  5 glowing orange brains
  4 lindwurms
  6 swamp dragons
  2 orange crystal statues (Hell)
  3 spriggan druids
  4 naga ritualists
  5 spectral hydras
  3 spectral alligators (Swamp:4)
  7 bog bodies
  5 deep elf archers
  4 quicksilver dragon simulacra
  17 orc knights
  11 ironbound convokers
  7 necromancers
  A harpy (Vaults:1)
  51 starcursed masses
  A fenstrider witch simulacrum (Coc:1)
  19 deep elf zephyrmancers
  9 phantasmal warriors
  15 salamanders
  21 deep elf pyromancers
  A wolf spider (Vaults:5)
  4 manticores
  An alligator zombie (Swamp:4)
  A will-o-the-wisp (Abyss:4)
  6 worldbinders
  An anaconda skeleton (Abyss:3)
  5 orc sorcerers
  28 ugly things
  3 shining eyes
  A cyclops (shapeshifter) (Zig:4)
  6 elephants
  6 kobold blastminers (Orc:2)
  5 apocalypse crabs
  10 moths of wrath
  6 vault sentinels
  4 ice statues
  8 naga magi
  15 smoke demons
  4 torpor snails (Lair:5)
  8 cyclopes
  A naga zombie (Abyss:4)
  4 guardian serpents
  8 molten gargoyles (Geh:7)
  24 black mambas
  2 rust devils
  A cane toad (shapeshifter) (Abyss:3)
  2 titan simulacra
  11 orange demons
  3 dire elephant skeletons
  27 hellions
  A centaur skeleton (Tomb:2)
  2 gargoyles (D:12)
  6 unseen horrors
  8 cane toads
  3 bunyip simulacra
  5 eyes of devastation
  9 efreet
  A spectral naga (Tar:6)
  47 large abominations
  3 rime drakes
  3 swamp worm zombies (Swamp:4)
  12 yaktaurs
  18 freezing wraiths
  An anaconda simulacrum (Coc:3)
  4 kobold demonologists
  10 komodo dragons
  4 ice devils
  11 tormentors
  A yaktaur (shapeshifter) (Vaults:5)
  11 ancient zymes
  5 spectral harpies
  3 tengu conjurers
  3 iron giant simulacra
  5 hydra zombies (Swamp:4)
  46 guardian mummies
  A red devil (Pan)
  A queen bee (shapeshifter) (D:10)
  2 harpy zombies
  2 bloated husks
  3 polar bears
  A silent spectre (Abyss:3)
  4 hellwings
  A troll (shapeshifter) (D:13)
  4 alligator simulacra (IceCv)
  14 trolls
  9 tyrant leeches
  18 hornets
  A wolf spider simulacrum (D:15)
  2 iron dragon simulacra
  9 blink frogs
  A human simulacrum (Coc:2)
  3 harpy skeletons
  2 raiju (shapeshifter)
  3 dream sheep (Lair:2)
  2 spectral swamp dragons (Swamp:4)
  17 raiju
  4 centaur simulacra
  51 slime creatures
  3 air elementals
  A wyvern (Lair:3)
  16 ynoxinuls
  5 dire elephant simulacra
  A satyr skeleton (Crypt:1)
  7 shadows
  3 vampires (Vaults:2)
  7 water elementals
  19 small abominations
  30 yaks
  35 ushabtiu
  12 wraiths
  3 fire bats (Abyss:4)
  5 basilisks
  8 wargs
  3 steam dragons
  10 minotaur simulacra (IceCv)
  8 golden eyes
  8 vampire mosquitoes
  4 tyrant leech zombies (Swamp:4)
  6 fire elementals
  12 neqoxecs
  12 chaos spawn
  Menkaure (D:6)
  14 harpy simulacra
  32 nagas
  14 swamp worms
  Duvessa (D:7)
  3 hydra simulacra
  An acid dragon (D:9)
  11 hell hounds
  2 naga skeletons
  15 water moccasins
  2 black bears (shapeshifter)
  4 ice beasts
  3 black bears
  26 laughing skulls
  21 orc warriors
  A sky beast (D:7)
  3 swamp drakes (Lair:5)
  4 ettin simulacra
  24 ogres
  2 swamp dragon zombies (Swamp:4)
  10 centaurs
  7 wolves
  A crocodile (shapeshifter) (Zig:2)
  3 kobold brigands (Abyss:4)
  8 phantoms
  4 weeping skulls
  4 necrophages (Crypt:3)
  2 earth elementals
  4 brain worms
  14 bullfrogs
  3 scorpions (D:11)
  10 deep troll simulacra (IceCv)
  2 gnoll sergeants
  3 naga simulacra (Coc:2)
  9 wights
  4 burial acolytes (Crypt:3)
  Dowan (D:7)
  3 lindwurm simulacra (IceCv)
  13 killer bees
  2 electric eels
  7 howler monkeys
  4 quasits
  4 bullfrog zombies (Ossuary)
  4 hounds
  4 human zombies (Crypt:1)
  18 orc priests
  A gnoll bouda (Lair:2)
  4 jellies
  3 iron imps
  A human skeleton (Crypt:1)
  2 sleepcaps (D:6)
  6 iguanas
  22 orc wizards
  6 hell rats (Hell)
  2 killer bee zombies (Ossuary)
  2 crocodile zombies (Ossuary)
  4 hound zombies (Ossuary)
  40 mummies
  11 gnolls
  4 howler monkey zombies (Ossuary)
  8 adders
  A river rat (Sewer)
  2 white imps
  7 ufetubi
  3 dart slugs
  5 ribbon worms
  66 orcs
  2 bats
  3 endoplasms
  5 giant cockroaches
  9 goblins
  10 hobgoblins
  2 jackals (D:3)
  7 quokkas
  5 ball pythons
  4 ball python zombies (Ossuary)
  8 frilled lizards
  2 goblin zombies
  14 kobolds
  9 rats
  A rat zombie (D:6)
  4 aspiring fleshes (Pan)
  2 creeping infernos
  13 fire vortices
  4 lurking horrors
  8 starspawn tentacles
3231 creatures vanquished.

Vanquished Creatures (collateral kills)
  An Ice Fiend (Pan)
  A torpor snail (Lair:5)
  A tyrant leech (Lair:5)
  A goblin (Bailey)
4 creatures vanquished.

Vanquished Creatures (others)
  A Hell Sentinel (Zig:8)
  2 eldritch tentacles (Pan)
  A frost giant (Depths:3)
  A black draconian (Zot:3)
  A sixfirhy (Pan)
  A sun demon (Hell)
  A glowing orange brain (Pan)
  A spriggan druid (Swamp:4)
  A swamp dragon (Swamp:4)
  A phantasmal warrior (Swamp:4)
  2 smoke demons
  An orange demon (Pan)
  An unseen horror (Abyss:4)
  A hornet (Swamp:4)
  A tyrant leech (Swamp:3)
  6 bloated husks
  A slime creature (Slime:4)
  2 spriggans (Swamp:4)
  An alligator snapping turtle simulacrum (Coc:3)
  A chaos spawn (Pan)
  A naga (Snake:4)
  A hell hound (Hell)
  A swamp drake (Swamp:3)
  A phantom (Swamp:4)
  An orc wizard (Orc:2)
  2 hell rats (Hell)
  2 creeping infernos
  2 foxfires (Abyss:4)
  30 starspawn tentacles
69 creatures vanquished.

Grand Total: 3304 creatures vanquished

Notes
Turn   | Place    | Note
-------+----------+-------------------------------------------
     0 | D:1      | RepoMan the Troll Fighter began the quest for the Orb.
     0 | D:1      | Reached XP level 1. HP: 22/22 MP: 0/0
     0 | D:1      | Upgraded the game from 0.31-a0-1574-g5526595cd0 to
                  | 0.31-a0-1581-g41d5ff3e7b
     0 | D:1      | Upgraded the game from 0.31-a0-1581-g41d5ff3e7b to
                  | 0.31-a0-1591-g515db51633
     0 | D:1      | Upgraded the game from 0.31-a0-1591-g515db51633 to
                  | 0.31-a0-1606-g60c5cc7444
   159 | D:1      | Reached XP level 2. HP: 29/29 MP: 1/1
   785 | D:2      | Found a faded altar of an unknown god.
   994 | D:2      | Reached XP level 3. HP: 35/36 MP: 2/2
  1706 | D:3      | Reached skill level 3 in Unarmed Combat
  2128 | D:3      | Reached XP level 4. HP: 44/44 MP: 3/3
  2130 | D:3      | Found an iron altar of Okawaru.
  2486 | D:4      | Reached XP level 5. HP: 38/53 MP: 4/4
  2644 | D:4      | Found a glowing drain.
  2653 | Sewer    | Entered a sewer
  2773 | Sewer    | Reached skill level 4 in Unarmed Combat
  2808 | Sewer    | Reached XP level 6. HP: 61/61 MP: 5/5
  3014 | D:4      | Found a glowing golden altar of the Shining One.
  3038 | D:4      | Found a snail-covered altar of Cheibriados.
  3083 | D:4      | Found an ornate altar of the Wu Jian Council.
  3091 | D:4      | Noticed a spectral centipede
  3091 | D:4      | Noticed a spectral black mamba
  3091 | D:4      | Noticed a spectral cane toad
  3092 | D:4      | Became a worshipper of the Wu Jian Council
  3296 | D:5      | Entered Level 5 of the Dungeon
  3322 | D:5      | Reached skill level 5 in Unarmed Combat
  3344 | D:5      | Reached XP level 7. HP: 67/67 MP: 6/6
  4129 | D:6      | Reached skill level 6 in Unarmed Combat
  4155 | D:6      | Noticed Menkaure
  4166 | D:6      | Killed Menkaure
  4166 | D:6      | Reached * piety under Wu Jian
  4167 | D:6      | Reached XP level 8. HP: 29/78 MP: 7/7
  4190 | D:6      | Found a sand-covered staircase.
  4197 | Ossuary  | Entered an ossuary
  4369 | Ossuary  | Reached skill level 5 in Shields
  4444 | Ossuary  | Reached skill level 7 in Unarmed Combat
  4576 | D:6      | Reached ** piety under Wu Jian
  4869 | D:6      | Reached skill level 5 in Fighting
  4869 | D:6      | Reached skill level 5 in Dodging
  4869 | D:6      | Reached XP level 9. HP: 88/88 MP: 8/8
  5035 | D:6      | Found an ancient bone altar of Kikubaaqudgha.
  5071 | D:6      | Found a shimmering blue altar of Sif Muna.
  5141 | D:6      | Found a staircase to the Ecumenical Temple.
  5150 | Temple   | Entered the Ecumenical Temple
  5219 | D:6      | Found a glowing silver altar of Zin.
  5293 | D:7      | Reached skill level 8 in Unarmed Combat
  5328 | D:7      | Noticed Dowan
  5329 | D:7      | Noticed Duvessa
  5334 | D:7      | Killed Dowan
  5340 | D:7      | Killed Duvessa
  5385 | D:7      | Found a flagged portal.
  5397 | Bailey   | Entered a bailey
  5571 | Bailey   | Noticed an orc knight
  5582 | Bailey   | Reached *** piety under Wu Jian
  5622 | Bailey   | Reached skill level 9 in Unarmed Combat
  5803 | Bailey   | Killed an orc knight
  5907 | D:7      | Found a shadowy altar of Dithmenos.
  5920 | D:7      | Reached XP level 10. HP: 98/98 MP: 9/9
  6949 | D:8      | Found a hide-covered altar of Uskayaw.
  7436 | D:9      | Found a runed translucent door.
  7444 | D:9      | Noticed koorschki's ghost (novice DsFi)
  7522 | D:9      | Found Ykion's Assorted Antiques.
  7537 | D:9      | Bought a bubbling red potion for 25 gold pieces
  7537 | D:9      | Bought a scroll labelled ICZERU MINUAS for 28 gold pieces
  7537 | D:9      | Bought a potion of heal wounds for 140 gold pieces
  7558 | D:9      | Reached skill level 10 in Unarmed Combat
  7584 | D:9      | Found a stormy altar of Qazlal.
  7765 | D:9      | Noticed a two-headed ogre
  7775 | D:9      | Killed a two-headed ogre
  7881 | D:9      | Noticed an orange demon
  7901 | D:9      | Killed an orange demon
  7907 | D:9      | Noticed Amaemon
  7967 | D:9      | Noticed a two-headed ogre
  7973 | D:9      | Killed a two-headed ogre
  8231 | D:10     | Entered Level 10 of the Dungeon
  8334 | D:10     | Noticed Nergalle
  8343 | D:10     | Killed Nergalle
  8344 | D:10     | Reached skill level 11 in Unarmed Combat
  8344 | D:10     | Reached XP level 11. HP: 76/107 MP: 10/10
  8433 | D:10     | Noticed Gastronok
  8478 | D:10     | Killed Gastronok
  8508 | D:10     | Noticed Lodul
  8531 | D:10     | Killed Lodul
  8600 | D:10     | Reached **** piety under Wu Jian
  8607 | D:10     | Noticed Erica
  8626 | D:10     | Killed Erica
  8660 | D:10     | Reached skill level 12 in Unarmed Combat
  8865 | D:10     | Found a staircase to the Orcish Mines.
  9120 | D:10     | Found a portal to a secret trove of treasure.
  9353 | D:11     | Noticed a two-headed ogre
  9370 | D:11     | Reached ***** piety under Wu Jian
  9374 | D:11     | Killed a two-headed ogre
  9423 | D:10     | Noticed an ogre mage
  9436 | D:10     | Killed an ogre mage
  9437 | D:10     | Reached XP level 12. HP: 103/119 MP: 11/11
  9462 | D:10     | Noticed a frost giant
  9575 | D:11     | Noticed a two-headed ogre
  9582 | D:11     | Killed a two-headed ogre
  9704 | D:10     | Noticed a rakshasa
  9754 | D:11     | Found a staircase to the Lair.
  9758 | D:11     | Reached skill level 13 in Unarmed Combat
  9774 | D:11     | Found Waab's Weapon Shop.
  9901 | D:11     | Noticed Harold
 10167 | D:11     | Killed Harold
 10221 | Lair:1   | Entered Level 1 of the Lair of Beasts
 10791 | Lair:1   | Noticed a boulder beetle
 10796 | Lair:1   | Killed a boulder beetle
 11011 | Lair:2   | Noticed a death yak
 11012 | Lair:2   | Noticed a death yak
 11027 | Lair:2   | Noticed a death yak
 11031 | Lair:2   | Noticed a death yak
 11034 | Lair:2   | Noticed a death yak
 11038 | Lair:2   | Noticed a death yak
 11040 | Lair:2   | Killed a death yak
 11041 | Lair:2   | Killed a death yak
 11042 | Lair:2   | Reached skill level 14 in Unarmed Combat
 11052 | Lair:2   | Killed a death yak
 11053 | Lair:2   | Killed a death yak
 11058 | Lair:2   | Killed a death yak
 11063 | Lair:2   | Killed a death yak
 11064 | Lair:2   | Reached XP level 13. HP: 81/130 MP: 12/12
 11248 | Lair:2   | Identified the +4 dagger of the Onslaught {antimagic, Dex+3
                  | SInv}
 11563 | Lair:3   | Found a staircase to the Snake Pit.
 11571 | Lair:3   | Identified the +4 morningstar "Jingayte" {freeze, rPois
                  | SInv Stlth-}
 11652 | Lair:3   | Reached skill level 10 in Shields
 11697 | Lair:3   | Found a staircase to the Swamp.
 11697 | Lair:3   | Noticed an eleionoma
 11703 | Lair:3   | Killed an eleionoma
 11896 | Lair:3   | Identified the +3 war axe "Hydraslayer" {flame, rF+ Will+
                  | Str-4 SInv}
 12418 | Lair:4   | Reached skill level 15 in Unarmed Combat
 12461 | Lair:4   | Found a staircase to the Slime Pits.
 12762 | Lair:4   | Reached ****** piety under Wu Jian
 13024 | Lair:5   | Entered Level 5 of the Lair of Beasts
 13279 | Lair:5   | Identified the +2 leather armour "Hilam" {Rampage *Corrode
                  | rElec Str+4}
 13454 | Lair:5   | Got Sauduz's Almanac of Maleficia
 13526 | Lair:5   | Reached XP level 14. HP: 139/141 MP: 13/13
 13711 | Lair:5   | Got an earthy gem with 275 turns to spare
 13794 | Lair:5   | Reached skill level 10 in Fighting
 13940 | Lair:5   | Reached skill level 16 in Unarmed Combat
 13974 | Lair:5   | Lost the earthy gem through the power of Zot.
 14299 | Lair:5   | Learned a level 2 spell: Blink
 14302 | Lair:5   | Learned a level 2 spell: Lesser Beckoning
 14397 | Lair:5   | Reached skill level 1 in Spellcasting
 14397 | Lair:5   | Reached skill level 1 in Translocations
 14660 | Orc:1    | Entered Level 1 of the Orcish Mines
 14794 | D:10     | Killed a frost giant
 15165 | Orc:1    | Found a bloodstained altar of Trog.
 15309 | Orc:2    | Entered Level 2 of the Orcish Mines
 15452 | Orc:2    | Found a staircase to the Elven Halls.
 15611 | Orc:2    | Found Losoisus's Antique Weapon Shop.
 15701 | Orc:2    | Reached skill level 5 in Translocations
 15756 | Orc:2    | Found Rep Bish's Jewellery Shop.
 15757 | Orc:2    | Found Jiriolli's Book Shoppe.
 15757 | Orc:2    | Found Zuedghi's Armour Shoppe.
 15777 | Orc:2    | Bought the granite talisman of Starshine {Int+2} for 2169
                  | gold pieces
 15918 | Orc:2    | Reached skill level 1 in Shapeshifting
 16391 | D:12     | Found the +1 robe of Vines {NoPotionHeal Regen++++}
 16512 | D:12     | Reached XP level 15. HP: 135/149 MP: 18/18
 16948 | D:13     | Found a gate to the Vaults.
 17035 | D:13     | Reached skill level 5 in Shapeshifting
 17823 | D:15     | Entered Level 15 of the Dungeon
 18046 | D:15     | Identified a scroll of acquirement
 18056 | D:15     | Identified the +0 glaive of a bazaar {elec, Int+7 Dex+2}
 18109 | D:15     | Found a staircase to the Depths.
 18394 | D:15     | Reached skill level 10 in Shapeshifting
 18695 | Snake:1  | Entered Level 1 of the Snake Pit
 18866 | Snake:1  | Found Xuluelae's General Store.
 18868 | Snake:1  | Found Honlink's Armour Emporium.
 18871 | Snake:1  | Found Dawug's Magic Scroll Shoppe.
 18883 | Snake:1  | Bought a scroll of revelation for 97 gold pieces
 18883 | Snake:1  | Bought a scroll of fear for 52 gold pieces
 18883 | Snake:1  | Bought a scroll of fear for 52 gold pieces
 18883 | Snake:1  | Bought a scroll of identify for 26 gold pieces
 18883 | Snake:1  | Bought a scroll of identify for 26 gold pieces
 18883 | Snake:1  | Bought a scroll of fear for 52 gold pieces
 18883 | Snake:1  | Bought a scroll of fog for 52 gold pieces
 18883 | Snake:1  | Bought a scroll of identify for 26 gold pieces
 18890 | Snake:1  | Bought a +2 cloak of preservation for 365 gold pieces
 19048 | Snake:1  | Found a transporter.
 19048 | Snake:1  | Noticed Pujutz's ghost (adept TeAE)
 19049 | Snake:1  | Found a bloodstained altar of Trog.
 19067 | Snake:1  | Found a transporter.
 19072 | Snake:1  | Identified the +6 short sword of the End {heavy, Int+8}
 19111 | Snake:1  | Identified the serpent talisman of the Green God {Dex+3}
 19111 | Snake:1  | Noticed Aizul
 19128 | Snake:1  | Killed Aizul
 19611 | Snake:1  | Reached XP level 16. HP: 124/158 MP: 1/19
 19977 | Snake:4  | Entered Level 4 of the Snake Pit
 20065 | Snake:4  | Found Pepahic's Book Emporium.
 20266 | Snake:4  | Noticed a quicksilver dragon
 20271 | Snake:4  | Killed a quicksilver dragon
 20273 | Snake:4  | Got a jade gem with 564 turns to spare
 20282 | Snake:4  | Got a serpentine rune of Zot
 20337 | Snake:4  | Reached skill level 15 in Shapeshifting
 20554 | Swamp:1  | Entered Level 1 of the Swamp
 20559 | Swamp:1  | Noticed a thorn hunter
 20571 | Swamp:1  | Killed a thorn hunter
 20629 | Swamp:2  | Reached XP level 17. HP: 144/166 MP: 20/20
 20672 | Swamp:2  | Found a glacial archway.
 20682 | IceCv    | Entered an ice cave
 20934 | IceCv    | Identified the +1 ice dragon scales of Undesirable Species
                  | {+Inv rElec rF- rC++ Will++ Int+4}
 20953 | IceCv    | Noticed an Ice Fiend
 20956 | IceCv    | Killed an Ice Fiend
 20981 | IceCv    | Identified the ring "Qifiocs" {rN+ Str+3}
 21257 | Swamp:4  | Entered Level 4 of the Swamp
 21267 | Swamp:4  | Reached skill level 17 in Unarmed Combat
 21558 | Swamp:4  | Found a runed translucent gate.
 21558 | Swamp:4  | Found a runed translucent gate.
 21558 | Swamp:4  | Noticed Zuvyem's ghost (journeyman MiFi)
 21559 | Swamp:4  | Found a runed translucent gate.
 21560 | Swamp:4  | Noticed Bokhlyrgh's ghost (adept TrFi)
 21561 | Swamp:4  | Noticed Uwih's ghost (adept DrSh)
 21659 | Swamp:4  | Noticed a bone dragon
 21669 | Swamp:4  | Killed a bone dragon
 21760 | Swamp:4  | Got a mossy gem with 636 turns to spare
 21765 | Swamp:4  | Got a decaying rune of Zot
 21865 | Swamp:1  | Noticed Donald
 21877 | Swamp:1  | Killed Donald
 22128 | Elf:1    | Entered Level 1 of the Elven Halls
 22152 | Elf:1    | Paralysed by an air elemental for 1 turns
 22320 | Elf:2    | Reached XP level 18. HP: 179/179 MP: 21/21
 22387 | Elf:2    | Reached skill level 18 in Unarmed Combat
 22392 | Elf:3    | Entered Level 3 of the Elven Halls
 22406 | Elf:3    | Found Qaser's Antique Armour Boutique.
 22483 | Elf:3    | Identified the ring "Zoisok" {rElec rF+ rC+ rN+}
 22500 | Elf:3    | Noticed a Tzitzimitl
 22526 | Elf:3    | Got a shimmering gem with 1229 turns to spare
 22528 | Elf:3    | Identified the +1 dagger of Imbalance {spect, rF- Int+3
                  | Dex+3}
 22638 | Elf:3    | Identified the +0 ring mail of Resonance {Fly}
 22847 | Elf:1    | Noticed Azrael
 22858 | Elf:1    | Killed Azrael
 22859 | Elf:1    | Reached skill level 19 in Unarmed Combat
 22872 | Orc:2    | Learned a level 1 spell: Apportation
 22877 | Orc:2    | Learned a level 4 spell: Vhi's Electric Charge
 23039 | Vaults:1 | Entered Level 1 of the Vaults
 23042 | Vaults:1 | Upgraded the game from 0.31-a0-1606-g60c5cc7444 to
                  | 0.31-a0-1612-g4aaf141004
 23092 | Vaults:1 | Reached skill level 1 in Air Magic
 23216 | Vaults:1 | Noticed Saint Roka
 23239 | Vaults:1 | Killed Saint Roka
 23316 | Vaults:2 | Found Sababb's Armour Shop.
 23367 | Vaults:2 | Reached XP level 19. HP: 189/189 MP: 22/22
 23579 | Vaults:4 | Found a flickering gateway to a bazaar.
 23586 | Bazaar   | Entered a bazaar
 23586 | Bazaar   | Found Muduro's Magic Scroll Shoppe.
 23594 | Bazaar   | Bought a scroll of teleportation for 27 gold pieces
 23594 | Bazaar   | Bought a scroll of immolation for 36 gold pieces
 23594 | Bazaar   | Bought a scroll of blinking for 67 gold pieces
 23594 | Bazaar   | Bought a scroll of blinking for 67 gold pieces
 23594 | Bazaar   | Bought a scroll of blinking for 67 gold pieces
 23594 | Bazaar   | Found Qewneskohi's Distillery.
 23602 | Bazaar   | Bought a potion of curing for 33 gold pieces
 23602 | Bazaar   | Bought a potion of heal wounds for 55 gold pieces
 23602 | Bazaar   | Bought 2 potions of heal wounds for 110 gold pieces
 23602 | Bazaar   | Bought a potion of haste for 110 gold pieces
 23602 | Bazaar   | Bought a potion of curing for 33 gold pieces
 23602 | Bazaar   | Bought a potion of enlightenment for 55 gold pieces
 23602 | Bazaar   | Bought a potion of curing for 33 gold pieces
 23617 | Bazaar   | Found Ritashyn's Weapon Shoppe.
 23631 | Bazaar   | Found Laim's Antique Armour Shop.
 23770 | Vaults:2 | Found a staircase to the Crypt.
 23781 | Crypt:1  | Entered Level 1 of the Crypt
 23871 | Crypt:3  | Entered Level 3 of the Crypt
 23979 | Crypt:3  | Noticed Vv
 23994 | Crypt:3  | Killed Vv
 24036 | Crypt:3  | Found an ancient bone altar of Kikubaaqudgha.
 24070 | Crypt:3  | Noticed Mennas
 24101 | Crypt:3  | Killed Mennas
 24182 | Crypt:3  | Identified the staff "Epifun" {rPois rN+ Int+2 Necro Fire}
 24182 | Crypt:3  | Identified the death talisman "Ynecwa" {Dex+3}
 24262 | Crypt:3  | Noticed a bone dragon
 24270 | Crypt:3  | Killed a bone dragon
 24338 | Crypt:3  | Found a staircase to the Tomb.
 24347 | Crypt:3  | Got an ivory gem with 1007 turns to spare
 24543 | Vaults:2 | Identified the death talisman "Tuotos" {Will+}
 24594 | Vaults:3 | Reached XP level 20. HP: 198/198 MP: 23/23
 24652 | Vaults:5 | Entered Level 5 of the Vaults
 24686 | Vaults:5 | Reached skill level 20 in Unarmed Combat
 24700 | Vaults:5 | Noticed a golden dragon
 24703 | Vaults:5 | Killed a golden dragon
 24887 | Vaults:5 | Identified the +0 scale mail "Minuy" {^Drain +Blink Will-
                  | Dex+5}
 24942 | Vaults:5 | Reached XP level 21. HP: 134/210 MP: 24/24
 25022 | Vaults:5 | Reached skill level 21 in Unarmed Combat
 25036 | Vaults:5 | Found Gaquabixt's Assorted Antiques.
 25047 | Vaults:5 | Bought a lightning rod (4/4) for 1600 gold pieces
 25200 | Vaults:5 | Identified the +1 helmet of Lixukh {+Blink rF- Str+5 Int+3}
 25204 | Vaults:5 | Got a shining gem with 1754 turns to spare
 25207 | Vaults:5 | Got a silver rune of Zot
 25310 | Vaults:4 | Noticed Norris
 25319 | Vaults:4 | Killed Norris
 25433 | D:13     | Acquired 1014 gold pieces
 25435 | D:13     | Acquired the ring "Mimp" {Wiz rF+ Will+}
 25595 | Slime:1  | Entered Level 1 of the Pits of Slime
 25602 | Slime:2  | Noticed Dissolution
 25607 | Slime:2  | Killed Dissolution
 25665 | Slime:3  | Gained mutation: You occasionally lose the ability to read
                  | scrolls when taking damage. [a shining eye]
 25733 | Slime:5  | Entered Level 5 of the Pits of Slime
 25747 | Slime:5  | Noticed the Royal Jelly
 25772 | Slime:5  | Killed the Royal Jelly
 25803 | Slime:5  | Got a starry gem with 305 turns to spare
 25805 | Slime:5  | Got a slimy rune of Zot
 25808 | Slime:5  | Got the Annotations on Assembled Malevolent Spells
 25828 | Slime:5  | Identified the ring of Liberty {Str+6 Int+3}
 25838 | Slime:5  | Identified the ring of Osmeuph {MP+9 Dex+6}
 26127 | Depths:1 | Entered Level 1 of the Depths
 26199 | Depths:3 | Lost mutation: You occasionally lose the ability to read
                  | scrolls when taking damage. [potion of mutation]
 26199 | Depths:3 | Gained mutation: You have a pair of small horns on your
                  | head. [potion of mutation]
 26199 | Depths:3 | Gained mutation: You are somewhat resistant to further
                  | mutation. [potion of mutation]
 26230 | Depths:3 | Noticed a profane servitor
 26254 | Depths:4 | Entered Level 4 of the Depths
 26279 | Depths:4 | Reached skill level 22 in Unarmed Combat
 26295 | Depths:4 | Reached skill level 15 in Shields
 26305 | Depths:4 | Noticed Parghit
 26308 | Depths:4 | Killed Parghit
 26323 | Depths:4 | Found a gate to the Realm of Zot.
 26333 | Depths:4 | Reached XP level 22. HP: 213/222 MP: 25/25
 26345 | Depths:4 | Got a midnight gem with 2697 turns to spare
 26422 | Depths:3 | Found a transporter.
 26495 | Depths:3 | Noticed a dread lich
 26497 | Depths:3 | Found a one-way gate leading to the halls of Pandemonium.
 26505 | Depths:3 | Killed a dread lich
 26517 | Depths:3 | Got the Treatise on the Conjured Mesa
 26592 | Depths:3 | Found a one-way gate to the infinite horrors of the Abyss.
 26623 | Depths:3 | Found a gateway to Hell.
 26625 | Depths:3 | Found a one-way gateway to a ziggurat.
 26702 | Depths:3 | Noticed Jory
 26709 | Depths:3 | Killed Jory
 26880 | Depths:2 | Noticed a golden dragon
 26887 | Depths:2 | Killed a golden dragon
 27122 | Zig:1    | Entered Level 1 of a ziggurat
 27138 | Zig:2    | Entered Level 2 of a ziggurat
 27141 | Zig:2    | Noticed a Killer Klown
 27143 | Zig:2    | Killed a Killer Klown
 27144 | Zig:2    | Reached skill level 23 in Unarmed Combat
 27154 | Zig:2    | Identified the +2 robe of Absence {Str+3}
 27157 | Zig:3    | Entered Level 3 of a ziggurat
 27181 | Zig:4    | Entered Level 4 of a ziggurat
 27185 | Zig:4    | Noticed a Killer Klown
 27192 | Zig:4    | Killed a Killer Klown
 27208 | Zig:5    | Entered Level 5 of a ziggurat
 27228 | Zig:5    | Got the Opusculum on Septic Ensorcelling
 27231 | Zig:6    | Entered Level 6 of a ziggurat
 27245 | Zig:6    | Identified the +6 pearl dragon scales "Ceplax" {rN+ Int+3}
 27254 | Zig:6    | Reached XP level 23. HP: 232/232 MP: 26/26
 27267 | Zig:7    | Entered Level 7 of a ziggurat
 27282 | Zig:7    | Identified the +7 dagger "Fotetug" {venom, rF+ rCorr Str+3}
 27290 | Zig:7    | Identified the ring of Noitiaph {rPois Will+ MP+9}
 27298 | Zig:8    | Entered Level 8 of a ziggurat
 27306 | Zig:8    | Noticed Xeahos the pandemonium lord
 27319 | Zig:8    | Killed Xeahos the pandemonium lord
 27322 | Zig:8    | Found the +3 warlock's mirror {omnireflect}
 27327 | Zig:8    | Identified the +10 broad axe of the Shining Light {spect,
                  | rN+ rCorr Dex+3}
 27333 | Zig:9    | Entered Level 9 of a ziggurat
 27348 | Zig:9    | Reached XP level 24. HP: 243/243 MP: 26/26
 27349 | Zig:9    | Reached skill level 15 in Fighting
 27367 | Zig:9    | Identified the ring of Zaitt {rPois SInv}
 27373 | Zig:10   | Entered Level 10 of a ziggurat
 27377 | Zig:10   | Paralysed by an air elemental for 1 turns
 27404 | Zig:10   | Identified the ring "Limmirat" {rElec rPois AC+4}
 27488 | Pan      | Entered Pandemonium
 27504 | Pan      | Found a runed translucent door.
 27524 | Pan      | Found a runed translucent door.
 27526 | Pan      | Found a runed translucent door.
 27548 | Pan      | Found a runed translucent door.
 27550 | Pan      | Noticed Uschott the pandemonium lord
 27553 | Pan      | Noticed Esava the pandemonium lord
 27572 | Pan      | Reached skill level 24 in Unarmed Combat
 27574 | Pan      | Killed Esava the pandemonium lord
 27671 | Pan      | Reached XP level 25. HP: 253/253 MP: 26/26
 27679 | Pan      | Found an exit through the horrors of the Abyss.
 27931 | Pan      | Noticed Mestodaxeqe the pandemonium lord
 27961 | Pan      | Killed Mestodaxeqe the pandemonium lord
 28011 | Pan      | Got a demonic rune of Zot
 28072 | Pan      | Entered the realm of Lom Lobon.
 28149 | Pan      | Noticed Lom Lobon
 28157 | Pan      | Killed Lom Lobon
 28161 | Pan      | Got a magical rune of Zot
 28249 | Pan      | Entered the realm of Mnoleg.
 28277 | Pan      | Reached skill level 25 in Unarmed Combat
 28326 | Pan      | Gained mutation: You are clumsy. (Dex -2) [a cacodemon]
 28344 | Pan      | Noticed Mnoleg
 28465 | Pan      | Killed Mnoleg
 28504 | Pan      | Got a glowing rune of Zot
 28548 | Pan      | Entered the realm of Gloorx Vloq.
 28874 | Pan      | Reached XP level 26. HP: 265/265 MP: 26/26
 28959 | Pan      | Noticed Gloorx Vloq
 28964 | Pan      | Killed Gloorx Vloq
 28992 | Pan      | Got a dark rune of Zot
 29034 | Pan      | Entered the realm of Cerebov.
 29081 | Pan      | Found an exit through the horrors of the Abyss.
 29235 | Pan      | Found the +6 sword of Cerebov {flame}
 29235 | Pan      | Noticed Cerebov
 29249 | Pan      | Killed Cerebov
 29261 | Pan      | Identified the ring "Idiw" {rC+ Dex+3}
 29289 | Pan      | Got a fiery rune of Zot
 29309 | Pan      | Identified the +4 war axe of Autumn {venom, ^Fragile rElec
                  | Dex+5}
 29310 | Pan      | Identified the +2 scale mail of the Wheelwright {*Slow MP+9
                  | Int+2}
 29427 | Pan      | Identified the +0 ring mail of Henotheism {rElec Dex+2}
 29432 | Pan      | Got Rioguibb's Grimoire of the Unstable Cumulonimbus
 29540 | Pan      | Took an exit into the Abyss.
 29540 | Abyss:1  | Escaped into the Abyss
 29688 | Abyss:1  | Noticed a dread lich
 29694 | Abyss:1  | Killed a dread lich
 29743 | Abyss:1  | Found a corrupted altar of Lugonu.
 29748 | Abyss:2  | Found a corrupted altar of Lugonu.
 29895 | Abyss:2  | Found a corrupted altar of Lugonu.
 29910 | Abyss:2  | Reached skill level 26 in Unarmed Combat
 29918 | Depths:3 | Escaped the Abyss
 29957 | Depths:3 | Noticed a dread lich
 29966 | Depths:3 | Noticed Macafuodgh's ghost (adept DECj)
 30027 | Depths:1 | Found a hide-covered altar of Uskayaw.
 30216 | D:10     | You paid a toll of a +5 demon whip to enter a treasure
                  | trove
 30217 | Trove    | Entered a treasure trove
 30217 | Trove    | Found the ring of the Octopus King
 30219 | Trove    | Identified the ring "Movuar" {rCorr EV+5}
 30233 | Trove    | Identified the ring of Xom's Ringing Laughter {Str+3 Int+3
                  | SInv}
 30241 | Trove    | Identified the amulet "Xoruhit" {Acrobat rElec Dex-5 SInv}
 30244 | Trove    | Identified the ring "Ireal" {+Blink Fly Slay+3}
 30247 | Trove    | Identified the ring of Jiutwamp {Fly rPois Dex+3 Stlth+}
 30252 | Trove    | Identified a ring of the Octopus King {rC+ HP+2 AC+2 EV+2
                  | SH+2}
 30254 | Trove    | Identified the ring of Qigroch {rF+ SInv}
 30256 | Trove    | Identified the amulet "Bacosk" {Reflect ^Drain +Blink Int+3
                  | Dex+3 Slay+2 SH+5}
 30499 | Depths:3 | Voluntarily entered the Abyss.
 30793 | Abyss:3  | Found a corrupted altar of Lugonu.
 30849 | Abyss:3  | Found a corrupted altar of Lugonu.
 30937 | Abyss:3  | Found a corrupted altar of Lugonu.
 30956 | Abyss:4  | Found a corrupted altar of Lugonu.
 30993 | Abyss:4  | Found a corrupted altar of Lugonu.
 31139 | Abyss:4  | Reached XP level 27. HP: 252/276 MP: 26/26
 31166 | Abyss:4  | Found a corrupted altar of Lugonu.
 31279 | Abyss:4  | Paralysed by accursed screaming for 1 turns
 31295 | Abyss:4  | Noticed an ancient lich
 31311 | Abyss:4  | Killed an ancient lich
 31389 | Abyss:4  | Found a corrupted altar of Lugonu.
 31773 | Abyss:4  | Got an abyssal rune of Zot
 31896 | Depths:3 | Escaped the Abyss
 31918 | Depths:3 | Lost mutation: You are somewhat resistant to further
                  | mutation. [potion of mutation]
 31918 | Depths:3 | Lost mutation: You are clumsy. (Dex -2) [potion of
                  | mutation]
 31918 | Depths:3 | Gained mutation: You have an increased reservoir of magic.
                  | (+10% MP) [potion of mutation]
 31918 | Depths:3 | Gained mutation: You passively dampen the noise of your
                  | surroundings. [potion of mutation]
 31918 | Depths:3 | Gained mutation: You occasionally lose the ability to read
                  | scrolls when taking damage. [potion of mutation]
 31919 | Depths:3 | Lost mutation: You have an increased reservoir of magic.
                  | (+10% MP) [potion of mutation]
 31919 | Depths:3 | Lost mutation: You have a pair of small horns on your head.
                  | [potion of mutation]
 31919 | Depths:3 | Gained mutation: Armour fits poorly on your strangely
                  | shaped body. [potion of mutation]
 31919 | Depths:3 | Gained mutation: You expend magic power (3 MP) to
                  | strengthen your wands. [potion of mutation]
 31919 | Depths:3 | Gained mutation: You are agile. (Dex +4, Str/Int -1)
                  | [potion of mutation]
 31919 | Depths:3 | Gained mutation: You are partially covered in iridescent
                  | scales. (AC +2) [potion of mutation]
 31920 | Depths:3 | Lost mutation: You passively dampen the noise of your
                  | surroundings. [potion of mutation]
 31920 | Depths:3 | Lost mutation: Armour fits poorly on your strangely shaped
                  | body. [potion of mutation]
 31921 | Depths:3 | Lost mutation: You are agile. (Dex +4, Str/Int -1) [potion
                  | of mutation]
 31921 | Depths:3 | Lost mutation: You are partially covered in iridescent
                  | scales. (AC +2) [potion of mutation]
 31921 | Depths:3 | Lost mutation: You occasionally lose the ability to read
                  | scrolls when taking damage. [potion of mutation]
 31921 | Depths:3 | Lost mutation: You expend magic power (3 MP) to strengthen
                  | your wands. [potion of mutation]
 31921 | Depths:3 | Gained mutation: You have a pair of small horns on your
                  | head. [potion of mutation]
 31921 | Depths:3 | Gained mutation: Your skin changes colour to match your
                  | surroundings (Stealth+). [potion of mutation]
 31941 | Hell     | Entered the Vestibule of Hell
 31941 | Hell     | Noticed Geryon
 31948 | Hell     | Killed Geryon
 31951 | Hell     | Reached skill level 27 in Unarmed Combat
 31979 | Hell     | Found a gateway to the decaying netherworld of Tartarus.
 32062 | Tar:1    | Entered Level 1 of Tartarus
 32378 | Tar:3    | Noticed an ancient lich
 32483 | Tar:5    | Noticed an ancient lich
 32493 | Tar:5    | Killed an ancient lich
 32562 | Tar:7    | Entered Level 7 of Tartarus
 32755 | Tar:7    | Identified the +0 plate armour of Dramatic Exits {-Tele rF+
                  | Str+3}
 32763 | Tar:7    | Found the macabre finger necklace {Finger+ rN+}
 32771 | Tar:7    | Identified the staff "Hajue" {rElec Str+3 Int+3 Air}
 33108 | Tar:7    | Found the +7 hand cannon "Mule" {flame, backblast, rF+}
 33628 | Tar:7    | Noticed Ereshkigal
 33728 | Tar:7    | Killed Ereshkigal
 33734 | Tar:7    | Got a bone rune of Zot
 34034 | Hell     | Found a gateway to the Iron City of Dis.
 34037 | Dis:1    | Entered Level 1 of the Iron City of Dis
 34102 | Dis:1    | Reached skill level 1 in Evocations
 34139 | Dis:2    | Noticed an ancient lich
 34141 | Dis:2    | Killed an ancient lich
 34244 | Dis:3    | Reached skill level 5 in Air Magic
 34443 | Dis:7    | Entered Level 7 of the Iron City of Dis
 34565 | Dis:7    | Reached skill level 5 in Evocations
 34745 | Dis:7    | Noticed a juggernaut
 34753 | Dis:7    | Killed a juggernaut
 34763 | Dis:7    | Noticed Dispater
 34778 | Dis:7    | Killed Dispater
 34785 | Dis:7    | Identified the +5 shadow dragon scales of Compassion {rC++
                  | Slay-6 Stlth++++}
 34787 | Dis:7    | Got an iron rune of Zot
 34962 | Hell     | Found a gateway to the freezing wastes of Cocytus.
 34986 | Coc:1    | Entered Level 1 of Cocytus
 34986 | Coc:1    | Noticed a dread lich
 34993 | Coc:1    | Killed a dread lich
 35436 | Coc:7    | Entered Level 7 of Cocytus
 35507 | Coc:7    | Reached skill level 10 in Translocations
 35522 | Coc:7    | Paralysed by a wendigo for 1 turns
 35557 | Coc:7    | Identified the amulet "Xiog" {Faith rF+ Slay+2}
 35557 | Coc:7    | Noticed Antaeus
 35565 | Coc:7    | Noticed a dread lich
 35568 | Coc:7    | Killed a dread lich
 35571 | Coc:7    | Killed Antaeus
 35676 | Coc:7    | Got an icy rune of Zot
 35678 | Coc:7    | Identified the granite talisman of the Other Side {Fly
                  | Dex+2}
 35788 | Hell     | Found a gateway to the ashen valley of Gehenna.
 35802 | Hell     | Learned a level 4 spell: Manifold Assault
 35803 | Geh:1    | Entered Level 1 of Gehenna
 35996 | Geh:4    | Noticed an ancient lich
 36003 | Geh:4    | Killed an ancient lich
 36106 | Geh:7    | Entered Level 7 of Gehenna
 36260 | Geh:7    | Identified the ring of the Falcon {rElec rF+++ Will+ AC+4
                  | Dex-2}
 36356 | Geh:7    | Found the +13 sceptre of Asmodeus
 36356 | Geh:7    | Noticed Asmodeus
 36366 | Geh:7    | Killed Asmodeus
 36381 | Geh:7    | Got an obsidian rune of Zot
 36829 | Tomb:1   | Entered Level 1 of the Tomb of the Ancients
 36967 | Tomb:1   | Noticed a royal mummy
 36968 | Tomb:1   | Noticed a royal mummy
 36970 | Tomb:1   | Noticed a royal mummy
 36974 | Tomb:1   | Killed a royal mummy
 36974 | Tomb:1   | Killed a royal mummy
 36976 | Tomb:1   | Killed a royal mummy
 37023 | Tomb:2   | Noticed a royal mummy
 37023 | Tomb:2   | Noticed a royal mummy
 37031 | Tomb:2   | Noticed a royal mummy
 37035 | Tomb:2   | Killed a royal mummy
 37039 | Tomb:2   | Noticed a royal mummy
 37044 | Tomb:2   | Killed a royal mummy
 37061 | Tomb:2   | Killed a royal mummy
 37061 | Tomb:2   | Killed a royal mummy
 37142 | Tomb:1   | Noticed a royal mummy
 37148 | Tomb:1   | Killed a royal mummy
 37151 | Tomb:1   | Noticed a royal mummy
 37152 | Tomb:1   | Noticed a royal mummy
 37153 | Tomb:1   | Killed a royal mummy
 37153 | Tomb:1   | Noticed a royal mummy
 37158 | Tomb:1   | Killed a royal mummy
 37160 | Tomb:1   | Noticed a royal mummy
 37164 | Tomb:1   | Killed a royal mummy
 37164 | Tomb:1   | Noticed a royal mummy
 37166 | Tomb:1   | Killed a royal mummy
 37167 | Tomb:1   | Killed a royal mummy
 37167 | Tomb:1   | Noticed a royal mummy
 37171 | Tomb:1   | Killed a royal mummy
 37175 | Tomb:1   | Noticed a royal mummy
 37179 | Tomb:1   | Killed a royal mummy
 37180 | Tomb:1   | Noticed a royal mummy
 37186 | Tomb:1   | Killed a royal mummy
 37202 | Tomb:1   | Noticed a royal mummy
 37207 | Tomb:1   | Killed a royal mummy
 37243 | Tomb:1   | Noticed a royal mummy
 37248 | Tomb:1   | Killed a royal mummy
 37274 | Tomb:1   | Noticed a royal mummy
 37275 | Tomb:1   | Noticed a royal mummy
 37276 | Tomb:1   | Noticed a royal mummy
 37282 | Tomb:1   | Killed a royal mummy
 37283 | Tomb:1   | Killed a royal mummy
 37287 | Tomb:1   | Killed a royal mummy
 37400 | Tomb:3   | Entered Level 3 of the Tomb of the Ancients
 37412 | Tomb:3   | Found the +11 plutonium sword {^Contam Stlth-}
 37425 | Tomb:3   | Noticed a royal mummy
 37428 | Tomb:3   | Noticed a royal mummy
 37432 | Tomb:3   | Noticed a royal mummy
 37432 | Tomb:3   | Killed a royal mummy
 37435 | Tomb:3   | Noticed a royal mummy
 37436 | Tomb:3   | Killed a royal mummy
 37462 | Tomb:3   | Killed a royal mummy
 37469 | Tomb:3   | Killed a royal mummy
 37531 | Tomb:3   | Noticed a royal mummy
 37540 | Tomb:3   | Killed a royal mummy
 37545 | Tomb:3   | Noticed Khufu
 37558 | Tomb:3   | Noticed a royal mummy
 37560 | Tomb:3   | Killed Khufu
 37562 | Tomb:3   | Noticed a royal mummy
 37563 | Tomb:3   | Killed a royal mummy
 37569 | Tomb:3   | Noticed a royal mummy
 37570 | Tomb:3   | Killed a royal mummy
 37571 | Tomb:3   | Reached skill level 10 in Evocations
 37577 | Tomb:3   | Killed a royal mummy
 37609 | Tomb:3   | Got a sanguine gem with 960 turns to spare
 37619 | Tomb:3   | Got a golden rune of Zot
 38192 | Zot:1    | Entered Level 1 of the Realm of Zot
 38194 | Zot:1    | Noticed a juggernaut
 38225 | Zot:2    | Noticed an orb of fire
 38228 | Zot:2    | Killed an orb of fire
 38235 | Zot:2    | You are sucked into a shaft and drop 1 floor!
 38435 | Zot:3    | Noticed an orb of fire
 38447 | Zot:3    | Killed an orb of fire
 38553 | Zot:5    | Entered Level 5 of the Realm of Zot
 38611 | Zot:5    | Got a prismatic gem with 573 turns to spare
 38621 | Zot:5    | Noticed a dread lich
 38632 | Zot:5    | Killed a dread lich
 38632 | Zot:5    | Noticed an ancient lich
 38634 | Zot:5    | Killed an ancient lich
 38645 | Zot:5    | Noticed a dread lich
 38645 | Zot:5    | Noticed an orb of fire
 38652 | Zot:5    | Noticed an ancient lich
 38652 | Zot:5    | Noticed an orb of fire
 38657 | Zot:5    | Killed an orb of fire
 38657 | Zot:5    | Noticed a dread lich
 38657 | Zot:5    | Killed a dread lich
 38658 | Zot:5    | Killed an orb of fire
 38659 | Zot:5    | Killed an ancient lich
 38667 | Zot:5    | Killed a dread lich
 38720 | Zot:5    | Noticed an orb of fire
 38721 | Zot:5    | Got the Orb of Zot
 38725 | Zot:5    | Noticed an orb of fire
 39164 | D:2      | Noticed Ymoots the pandemonium lord
 39196 | D:$      | Escaped with the Orb!

Illustrated notes

Levels and vault maps discovered:
D:1:      saegor_arrival_miasma, layout_loops_ring, hangedman_glass_teeth,
          minmay_crystal_room
D:2:      minmay_door_path, layout_loops_cross, ebering_ecumenical_altar_mist,
          lightli_corner_chamber
D:3:      layout_basic, okawaru_altar_gauntlet_db
D:4:      layout_cave_pools, lemuel_crystal_altar,
          pdpol_wu_jian_five_deadly_venoms, mainiacjoe_overflow_surrounded_room,
          portal_sewer_entry_d, minmay_misc_feat_alley
D:5:      layout_loops_ring, nicolae_wormholes
D:6:      layout_rooms, mainiacjoe_overflow_swirl, mainiacjoe_overflow_alcove_4,
          temple_statues, enter_ossuary_4, uniq_menkaure
D:7:      layout_basic, grunt_dithmenos_smoke, enter_bailey_6, uniq_duvessa
D:8:      layout_layer_cave, kennysheep_mini
D:9:      layout_loops_ring, mainiacjoe_overflow_small_starburst, serial_shops,
          nicolae_shop_overgrown_old_shop, ebering_ghost_reflecting_pool,
          uniq_amaemon
D:10:     minmay_klotski, layout_irregular_city, david_orc_4,
          trove_entry_hex_spiral, minmay_misc_feat_doors, uniq_lodul,
          uniq_nergalle, uniq_erica, uniq_gastronok
D:11:     layout_irregular_city, grunt_lair_entry_orc_guard_hut, serial_shops,
          shop, uniq_harold
D:12:     layout_gridville, minivault_4, hellmonk_guarded_unrand_vines
D:13:     layout_long_grid, erik_vaults_2
D:14:     layout_cave_pools, serial_park, serial_park_tiny_1,
          serial_park_avenue1, serial_park_tiny_pond, serial_park_square3
          [serial_park_minivault_5x5_1]
D:15:     hellmonk_depths_entry_around_the_bend, layout_irregular_city,
          hangedman_abyss_or_decor_jellyfish_corner
Temple:   nicolae_temple_hex_pool
Lair:1:   layout_regular_city, serial_bayou_shore_a
Lair:2:   layout_roguey, dreamdust_gnoll_shepherd
Lair:3:   layout_chaotic_city, alex1729_swamp_entry_worm_eleionoma,
          minmay_snake_entry_guardpost_small, chequers_serial_rivers_large_a,
          st_stairs_10
Lair:4:   layout_long_grid, slime_entry_2, nicolae_lair_lil_pond,
          serial_bayou_shore_b
Lair:5:   guppyfry_lair_end_dragon, layout_cave_pods, wormcave,
          infiniplex_staircase_pool, lemuel_fruit_tree, lemuel_fruit_fields
Swamp:1:  layout_falls_marsh, hangedman_swamp_ruin_hall, swamp_pool_5,
          uniq_kirke, uniq_donald
Swamp:2:  layout_basic_swamp, portal_ice_cave_entry_frozen_things,
          hangedman_swamp_ruin_wall
Swamp:3:  layout_falls_marsh, nicolae_swamp_decorative_isthmus
Swamp:4:  swamp_pestilence, layout_basic_swamp, gammafunk_ghost_cemetery
Snake:1:  layout_cave_shapes, gammafunk_ghost_wrathful_warriors,
          minmay_shop_star, uniq_aizul
Snake:2:  layout_layer_cave, serial_shops, shop, basic_altar
Snake:3:  layout_grid_shapes
Snake:4:  hellmonk_snake_rune_quicksilver_temple, layout_chambers, serial_shops,
          nicolae_lakefront_shop
Slime:1:  layout_caves
Slime:2:  layout_caves, dissolution_awaits
Slime:3:  layout_caves, nicolae_slime_crime_time
Slime:4:  layout_caves, basic_altar
Slime:5:  slime_pit_nicolae_jellycorners
Orc:1:    layout_caves, basic_altar, bh_open_orc_temple
Orc:2:    st_orc_elflike, layout_caves
Elf:1:    eino_elf_arrival_the_gate, layout_gridlike, special_room
          [special_room_mythical_zoo], nicolae_elf_blasts_and_bolts, uniq_azrael
Elf:2:    nicolae_elf_blades_crystal_corner, layout_geoelf_diagonals,
          basic_altar
Elf:3:    grunt_elf_hall_spiral, layout_loops_corners, serial_shops,
          shop_statue, moated_statue, guppyfry_elf_altar
Vaults:1: nicolae_vaults_two_Ls, nicolae_vaults_lightning_bolt,
          hangedman_vaults_pinch, v_misc_3, dpeg_vaults_monster_box,
          nicolae_vaults_storage_closets_3, layout_vaults_omnigrid,
          uniq_saint_roka
Vaults:2: minmay_crypt_entry_vampire_xt, nicolae_vaults_mitosis,
          nicolae_vaults_storage_room_glass, vaults_room_door_ring,
          nicolae_vaults_variable_pillar_hall,
          nicolae_vaults_taking_the_gang_shopping,
          nicolae_vaults_shrinking_rooms_1, v_misc_17,
          nicolae_vaults_doubleplus_tesselated, ontoclasm_vaults_ring_square,
          nicolae_vaults_security_offices_1,
          nicolae_vaults_offset_grid_hallway_4,
          ontoclasm_vaults_decontamination, layout_vaults_maze_snakey
Vaults:3: v_pattern_5, nicolae_vaults_storage_closets_1, v_misc_11,
          vaults_room_semicircle, v_misc_22, nicolae_vaults_diamond_1,
          serial_library_hellmonk_semicircle, nicolae_vaults_hexular_roomagon,
          nicolae_vaults_sealed_display, nicolae_vaults_spaceships,
          ontoclasm_vaults_chip, nicolae_vaults_house_1, layout_vaults_ring
Vaults:4: nicolae_vaults_house_1, nicolae_vaults_swerve, v_misc_17,
          vaults_room_semicircle, nicolae_vaults_security_offices_4,
          grunt_vaults_diagonal, nicolae_vaults_trapezoid_lopsided_3,
          v_alt_pattern_3, nicolae_vaults_alarming,
          nicolae_vaults_stepped_doors, hangedman_vaults_river_flow,
          nicolae_vaults_trapezoid_1, nicolae_vaults_little_squares_5,
          layout_vaults_omnicross, serial_shops, bzr_entry_islet, uniq_norris
Vaults:5
Crypt:1:  minmay_skeleton_keep, layout_rooms, lemuel_freeze_loot_1,
          grunt_crypt_arrival_guarded_gate
Crypt:2:  layout_gridlike, lemuel_upstairs_altar
Crypt:3:  grunt_crypt_end_deaths_head, uniq_mennas, uniq_vv
Tomb:1
Tomb:2
Tomb:3
Depths:1: layout_cave_pools, hangedman_decor_diamond_cutter, hell_entry,
          serial_shops, shop, shop_statue, nicolae_shop_statue_plus, shop,
          kennysheep_cross_bottleneck, minmay_st_funbox, serial_bayou_ford_a,
          minmay_misc_feat_nine_boxes, eat_drink_and_be_merry_uskayaw
Depths:2: kennysheep_bubbly, layout_gridlike, rand_demon_pan_entry_5,
          hangedman_geh_valley
Depths:3: cheibrodos_cascadia, layout_gridlike, enter_ziggurat_f, fountainhead,
          hell_entry, abyss_entry, gammafunk_ghost_abyssal_escape, pan_entry,
          infiniplex_staircase_spiral, uniq_jory
Depths:4: grunt_zot_entry_funnels, layout_cave_shapes,
          hangedman_tar_grid_catacomb, cheibriados_altar_1,
          minmay_misc_feat_columns, serial_bayou_shore_b, uniq_parghit
Hell
Dis:1:    layout_gridville, hangedman_dis_chains
Dis:2:    layout_jigsaw
Dis:3:    layout_jigsaw
Dis:4:    layout_jigsaw, nicolae_dis_metal_dragon_surprise
Dis:5:    layout_subdivisions, nicolae_dis_grated_feature
Dis:6:    layout_jigsaw
Dis:7:    dis_st
Geh:1:    layout_gehenna_lava_caves
Geh:2:    layout_gehenna_lava_caves
Geh:3:    layout_gehenna_lava_caves
Geh:4:    layout_gehenna_pools_triple
Geh:5:    layout_gehenna_pools_basic, nicolae_geh_lava_in_the_way
Geh:6:    layout_gehenna_pools_triple
Geh:7:    geh_grunt_pentagon
Coc:1:    layout_cocytus_water_paths
Coc:2:    layout_ice_bergs
Coc:3:    layout_ice_bergs
Coc:4:    layout_cocytus_water_paths
Coc:5:    layout_ice_bergs
Coc:6:    layout_cocytus_water_paths, serial_ice
Coc:7:    coc_grunt_cove [coc_grunt_cove_antaeus, coc_grunt_cove_fiend,
          coc_grunt_cove_fiend, coc_grunt_cove_fiend, coc_grunt_cove_fiend]
Tar:1:    layout_catacombs, nicolae_hells_seeping_fissure
Tar:2:    layout_grid_maze, nicolae_tar_grid_combs
Tar:3:    layout_grid_maze, evilmike_ambush [evilmike_ambush_outer_corners,
          evilmike_ambush_inner_wall_1]
Tar:4:    layout_honeycomb
Tar:5:    layout_cathedral_of_symmetry
Tar:6:    layout_catacombs, nicolae_hells_seeping_fissure
Tar:7:    tar_mu [tar_mu_maze]
Zot:1:    ebering_greatest_show_in_zot, layout_misc_corridors,
          hangedman_zot_decor_slant, st_stairs_1, hangedman_xom_zot_hilarity
Zot:2:    layout_gridlike, regret_index_zotdec_icy_dp
Zot:3:    grunt_zot_stairs_faceoff, layout_twisted_circle, evilmike_ambush
          [evilmike_ambush_outer_basic, evilmike_ambush_inner_basic]
Zot:4:    minmay_elemental_castle, layout_misc_corridors, drop_trap
Zot:5:    layout_basic, lemuel_golem_globe

Skill      XL: |  1  2  3  4  5  6  7  8  9 10 11 12 13 14 15 16 17 18 19 20 21 22 23 24 25 26 27 |
---------------+----------------------------------------------------------------------------------+-----
Shields        | 3 4 5 6 7 8 9 10 11 12 13 14 15 16 23 | 23.3
Unarmed Combat | 3 4 5 6 7 9 11 12 14 15 16 17 19 20 22 23 24 25 26 27 | 27.0
Fighting       | 3 4 5 6 7 8 9 10 11 12 13 14 15 16 25 | 25.7
Dodging        | 3 4 5 6 7 8 9 |  9.9
Spellcasting   | 3 |  3.3
Translocations | 5 6 9 13 | 13.3
Shapeshifting  | 3 11 15 16 17 18 19 20 22 25 | 25.5
Air Magic      | 2 3 4 6 |  6.6
Evocations     | 11 | 11.1

Action                     |  1- 3 |  4- 6 |  7- 9 | 10-12 | 13-15 | 16-18 | 19-21 | 22-24 | 25-27 || total
---------------------------+-------+-------+-------+-------+-------+-------+-------+-------+-------++-------
  Melee: Unarmed           |    94 |   116 |   320 |   484 |  1211 |   976 |  1225 |   525 |  4740 ||  9691
         Headbutt          |       |       |       |       |       |       |    28 |   109 |  1188 ||  1325
  Throw: Stone             |    10 |    27 |    10 |       |       |       |       |       |       ||    47
         Boomerang         |       |       |    17 |    32 |     5 |       |       |       |       ||    54
         Throwing net      |       |       |       |    11 |     6 |       |       |       |       ||    17
         Large rock        |       |       |       |     1 |     2 |       |       |       |       ||     3
         Dart              |       |       |       |       |       |       |       |       |     2 ||     2
   Cast: Blink             |       |       |       |       |       |     3 |       |       |     1 ||     4
         Apportation       |       |       |       |       |       |     1 |    43 |    11 |    38 ||    93
         Vhi's Electric Ch |       |       |       |       |       |       |       |       |    24 ||    24
         Lesser Beckoning  |       |       |       |       |       |       |       |       |     7 ||     7
 Invoke: Serpent's Lash    |       |       |       |     6 |    25 |    22 |    21 |     8 |    49 ||   131
         Heavenly Storm    |       |       |       |       |       |     1 |     3 |     1 |     6 ||    11
Ability: Lunge             |       |     3 |    41 |    57 |   158 |   110 |    87 |    52 |   439 ||   947
         Whirlwind         |       |       |    11 |   104 |   353 |   311 |   599 |   217 |  2018 ||  3613
         Wall Jump         |       |       |       |     7 |    18 |     9 |     3 |       |    15 ||    52
         Begin Untransform |       |       |       |       |       |       |       |       |     3 ||     3
  Evoke: Wand              |       |       |    33 |    12 |    23 |     4 |     2 |     7 |    31 ||   112
         Phantom mirror    |       |       |       |       |       |     1 |     2 |       |     3 ||     6
         Condenser vane    |       |       |       |       |       |     1 |       |       |       ||     1
         Sack of spiders   |       |       |       |       |       |       |     1 |       |       ||     1
         Lightning rod     |       |       |       |       |       |       |       |       |     1 ||     1
         Horn of Geryon    |       |       |       |       |       |       |       |       |     2 ||     2
    Use: Scroll            |     4 |     1 |     7 |     3 |    23 |     7 |     5 |     5 |    50 ||   105
         Potion            |       |       |    12 |     4 |     2 |     2 |    10 |     2 |    21 ||    53
   Stab: Sleeping          |     2 |     1 |       |     2 |     4 |       |     1 |       |     9 ||    19
         Distracted        |       |       |     1 |       |       |       |       |       |     6 ||     7
         Invisible         |       |       |     1 |     6 |     6 |       |     4 |     1 |     7 ||    25
         Held in net/web   |       |       |       |     3 |     5 |       |       |       |       ||     8
         Confused          |       |       |       |       |       |       |     2 |       |       ||     2
 Armour: Robe              |    33 |    49 |   137 |   189 |   432 |     7 |       |       |   556 ||  1403
         Skin              |       |       |       |       |       |   663 |   728 |   329 |  1016 ||  2736
  Dodge: Dodged            |    18 |    34 |    64 |   119 |   238 |   353 |   410 |   189 |   772 ||  2197
  Block: Kite shield       |    22 |    44 |    90 |   133 |   321 |   492 |   576 |   283 |   296 ||  2257
         Tower shield      |       |       |       |       |       |       |       |       |  2428 ||  2428
   Form: Statue            |       |       |       |       |       |     1 |       |       |     5 ||     6
         Death             |       |       |       |       |       |       |       |       |     8 ||     8

Table legend: (Time is in decaauts)
 A = Elapsed time spent in this place.
 B = Non-inter-level travel time spent in this place.
 C = Inter-level travel time spent in this place.
 D = Time resting spent in this place.
 E = Time spent auto-exploring this place.
 F = Levels seen in this place.
 G = Mean time per level.
                   A        B        C        D        E       F      G
               +--------+--------+--------+--------+--------+-----+--------+
         Total |  44536 |  40098 |   4438 |    610 |  10922 | 121 |  368.1 |
       Dungeon |  13326 |  11238 |   2088 |    194 |   6464 |  15 |  888.4 |
        Temple |      1 |      1 |      0 |      0 |      0 |   1 |    1.0 |
          Lair |   4883 |   4043 |    840 |     92 |   2448 |   5 |  976.6 |
         Swamp |   1409 |   1335 |     74 |     15 |     58 |   4 |  352.2 |
     Snake Pit |   2197 |   2155 |     42 |     17 |    467 |   4 |  549.2 |
    Slime Pits |    488 |    487 |      1 |      0 |      0 |   5 |   97.6 |
  Orcish Mines |   1276 |   1177 |     99 |     60 |    626 |   2 |  638.0 |
   Elven Halls |   1048 |   1014 |     34 |     34 |      0 |   3 |  349.3 |
        Vaults |   2586 |   2160 |    426 |      0 |     37 |   5 |  517.2 |
         Crypt |   1259 |   1047 |    212 |      0 |      0 |   3 |  419.7 |
          Tomb |   1052 |    942 |    110 |      0 |      0 |   3 |  350.7 |
        Depths |   1998 |   1709 |    289 |      0 |     16 |   4 |  499.5 |
          Hell |    491 |    491 |      0 |      0 |      0 |   1 |  491.0 |
           Dis |   1279 |   1258 |     21 |      3 |      0 |   7 |  182.7 |
       Gehenna |    944 |    944 |      0 |      0 |      0 |   7 |  134.9 |
       Cocytus |    728 |    728 |      0 |     14 |      0 |   7 |  104.0 |
      Tartarus |   1822 |   1625 |    197 |     13 |    601 |   7 |  260.3 |
           Zot |    695 |    695 |      0 |      0 |      0 |   5 |  139.0 |
         Abyss |   1855 |   1855 |      0 |      0 |    182 |   5 |  371.0 |
   Pandemonium |   2939 |   2939 |      0 |    104 |      0 |  12 |  244.9 |
      Ziggurat |    437 |    437 |      0 |      0 |      0 |  10 |   43.7 |
        Bazaar |     91 |     91 |      0 |      0 |      0 |   1 |   91.0 |
         Trove |     45 |     45 |      0 |      0 |      0 |   1 |   45.0 |
         Sewer |    302 |    302 |      0 |      0 |      0 |   1 |  302.0 |
       Ossuary |    341 |    341 |      0 |     28 |     21 |   1 |  341.0 |
        Bailey |    467 |    467 |      0 |     34 |      0 |   1 |  467.0 |
      Ice Cave |    565 |    565 |      0 |      0 |      0 |   1 |  565.0 |
               +--------+--------+--------+--------+--------+-----+--------+

Top non-repeatable levels by time:
    D:10: 1858 daAuts
  Lair:5: 1408 daAuts
Depths:3: 1375 daAuts
   Tar:7: 1333 daAuts
    D:11: 1076 daAuts
     D:3: 1065 daAuts
     D:8: 1054 daAuts
  Lair:1: 1050 daAuts
 Snake:1: 1017 daAuts
Vaults:5: 962 daAuts
 Crypt:3: 962 daAuts
  Lair:3: 924 daAuts
  Lair:4: 903 daAuts
     D:9: 892 daAuts
    D:13: 891 daAuts
